 Dungeon Crawl Stone Soup version 0.31-a0-339-gda1cbd5 (webtiles) character file.

Game seed: 9810504768449204450

1245 Cunctator the Ruffian (level 8, -2/61 HPs)
             Began as a Gnoll Shapeshifter on July 20, 2023.
             Was a Follower of Cheibriados.
             Killed from afar by a steam dragon (20 damage)
             ... with a ball of steam
             ... on level 6 of the Dungeon.
             The game lasted 00:16:09 (3870 turns).

Cunctator the Ruffian (Gnoll Shapeshifter)          Turns: 3870, Time: 00:16:10

Health: -2/61      AC:  9    Str: 19    XL:     8   Next: 50%
Magic:  13/13      EV: 15    Int: 12    God:    Cheibriados [*.....]
Gold:   212        SH:  5    Dex: 17    Spells: 13/13 levels left

rFire   . .          .
                       - Unarmed
rCold   . . .        C - +0 buckler
rNeg    . . .        v - +0 chain mail
rPois   .            (helmet currently unavailable)
rElec   +            (cloak currently unavailable)
rCorr   +            (gloves currently unavailable)
SInv    .            (boots currently unavailable)
Will    .....        (no amulet) Stlth
                     w - ring of resist corrosion
HPRegen 0.30/turn    y - ring "Berr" {Contam rElec EV+5 Dex+2}
MPRegen 0.13/turn

%: no passive effects
@: beast-form, very slow
A: beast (slay +5), fangs 1, strong nose, distributed training
a: Begin Untransformation, Renounce Religion, Bend Time


You were on level 6 of the Dungeon.
You worshipped Cheibriados.
Cheibriados was aware of your devotion.
You were a hulking beast.
You visited 2 branches of the dungeon, and saw 7 of its levels.

You collected 212 gold pieces.

Inventory:

Hand Weapons
 a - a +0 sling
 p - a +1 vampiric hand axe
Missiles
 b - 5 boomerangs
 e - 28 stones
 B - 7 poisoned darts (quivered)
Armour
 n - a +0 ring mail
 v - a +0 chain mail (worn)
 C - a +0 buckler (worn)
 E - a +0 pair of gloves
Jewellery
 t - an amulet of magic regeneration
 w - a ring of resist corrosion (left hand)
 y - the ring "Berr" (right hand) {Contam rElec EV+5 Dex+2}
   (You found it on level 2 of the Dungeon)

   [ring of evasion]

   EV:        It affects your evasion (+5).
   Dex:       It affects your dexterity (+2).
   rElec:     It insulates you from electricity.
   Contam:    It causes magical contamination when unequipped.
 z - a ring of positive energy
Talismans
 c - a beast talisman
Wands
 D - a wand of digging (7)
 F - a wand of charming (12)
Scrolls
 d - 5 scrolls of identify {unknown}
 f - 4 scrolls of immolation {unknown}
 i - a scroll of enchant armour {unknown}
 r - a scroll of noise {unknown}
 s - a scroll of poison {unknown}
 u - a scroll of teleportation {unknown}
 x - a scroll of fog {unknown}
 G - 6 scrolls of revelation {unknown}
Potions
 g - a potion of enlightenment {unknown}
 h - a potion of heal wounds {unknown}
 j - a potion of degeneration {unknown}
 k - 3 potions of might {unknown}
 l - 2 potions of haste {unknown}
 m - a potion of curing
 o - 3 potions of attraction {unknown}
 q - a potion of brilliance {unknown}
 A - a potion of resistance {unknown}
 H - a potion of invisibility {unknown}


   Skills:
 + Level 4.3 Fighting
 + Level 3.4 Short Blades
 + Level 3.4 Long Blades
 + Level 3.4 Axes
 + Level 3.4 Maces & Flails
 + Level 3.4 Polearms
 + Level 3.4 Staves
 + Level 3.4 Ranged Weapons
 + Level 3.4 Throwing
 + Level 3.4 Armour
 + Level 5.7 Dodging
 + Level 3.4 Stealth
 + Level 3.4 Shields
 + Level 7.4 Unarmed Combat
 + Level 3.4 Spellcasting
 + Level 2.7 Conjurations
 + Level 2.7 Hexes
 + Level 2.7 Summonings
 + Level 2.7 Necromancy
 + Level 2.7 Translocations
 + Level 2.7 Transmutations
 + Level 2.7 Fire Magic
 + Level 2.7 Ice Magic
 + Level 2.7 Air Magic
 + Level 2.7 Earth Magic
 + Level 2.7 Poison Magic
 + Level 3.7 Invocations
 + Level 3.4 Evocations
 + Level 7.1 Shapeshifting


You had 13 spell levels left.
You didn't know any spells.
Your spell library contained the following spells:

 Spells                   Type           Power      Damage    Failure   Level
 Kiss of Death            Conj/Necr      32%        2d7       63%         1
 Cigotuvi's Dreadful Rot  Necr/Pois/Air  16%        N/A       77%         2
 Poisonous Vapours        Pois/Air       16%        N/A       77%         2
 Sublimation of Blood     Necr           8%         N/A       77%         2
 Wereblood                Tmut           8%         N/A       77%         2
 Confusing Touch          Hex            8%         N/A       94%         3
 Ignite Poison            Fire/Tmut/Pois 8%         N/A       94%         3
 Mephitic Cloud           Conj/Pois/Air  8%         N/A       94%         3
 Dispel Undead            Necr           8%         3d8       100%        4
 Freezing Cloud           Conj/Ice/Air   4%         6-21      100%        5
 Summon Hydra             Summ           4%         N/A       100%        7


Dungeon Overview and Level Annotations

Branches:
Dungeon (6/15)             Temple (1/1) D:4

Altars:
Ashenzari
Cheibriados
Dithmenos
Elyvilon
Fedhas
Gozag
Hepliaklqana
Kikubaaqudgha
Makhleb
Nemelex Xobeh
Qazlal
Ru
Sif Muna
Uskayaw
Wu Jian
Xom
Yredelemnul
Zin

Shops:
D:5 *


Innate Abilities, Weirdness & Mutations

You are a hulking beast.
Your limbs bulge with bestial killing power. (Slay +5)
You have very sharp teeth.
Your uncanny sense of smell can sniff out nearby items.
Your experience applies equally to all skills.


Message History

The steam dragon bites you.
The steam dragon claws you but does no damage.
You hit the steam dragon.
The steam dragon is heavily wounded.
The steam dragon closely misses you. x2
You barely miss the steam dragon.
The steam dragon is heavily wounded.
You hit the steam dragon.
The steam dragon is severely wounded.
You block the steam dragon's attack. The steam dragon closely misses you.
You hit the steam dragon.
The steam dragon is almost dead.
The steam dragon closely misses you. The steam dragon barely misses you.
You hit the steam dragon.
The steam dragon is almost dead.
The steam dragon bites you. You block the steam dragon's attack.
You closely miss the steam dragon. Your bite misses the steam dragon.
The steam dragon is almost dead.
The steam dragon misses you. You block the steam dragon's attack.
You closely miss the steam dragon.
The steam dragon is almost dead.
You block the steam dragon's attack. x2
You closely miss the steam dragon.
The steam dragon is almost dead.
The steam dragon breathes steam at you. The ball of steam misses you.
You hear a shout! x4
You closely miss the steam dragon.
The steam dragon is almost dead.
You are engulfed in a cloud of scalding steam.
* * * LOW HITPOINT WARNING * * *
You hear a shout!
The steam dragon completely misses you.
The steam dragon claws you but does no damage.
You feel better.
You are engulfed in a cloud of scalding steam.
* * * LOW HITPOINT WARNING * * *
The steam dragon breathes steam at you. The ball of steam hits you!!
You die...

∆ ∆ ###
####.....
∆
#hD......
#.)#.....
##..< $..
..... .
.......
.......
.#####.
..


You could see a steam dragon (catching breath).

Vanquished Creatures
  The ghost of Dega the Nimble, a novice SpHu of Dithmenos (D:5)
  A black bear (D:5)
  An ogre (D:4)
  3 scorpions
  A howler monkey (D:5)
  2 hounds (D:5)
  5 orc priests
  An iguana (D:5)
  5 orc wizards
  7 adders
  A worm (D:5)
  26 orcs
  5 ball pythons (D:1)
  8 endoplasms
  3 giant cockroaches
  5 goblins
  7 hobgoblins
  4 jackals
  4 kobolds
  3 quokkas
  4 bats
  2 frilled lizards
  4 rats
103 creatures vanquished.

Notes
Turn   | Place    | Note
-------+----------+-------------------------------------------
     0 | D:1      | Cunctator the Gnoll Shapeshifter began the quest for the
                  | Orb.
     0 | D:1      | Reached XP level 1. HP: 17/17 MP: 1/1
   124 | D:1      | Reached XP level 2. HP: 22/23 MP: 2/2
   858 | D:2      | Reached XP level 3. HP: 28/28 MP: 3/3
  1133 | D:2      | Reached skill level 1 in Invocations
  1215 | D:2      | Reached skill level 1 in Short Blades
  1215 | D:2      | Reached skill level 1 in Long Blades
  1215 | D:2      | Reached skill level 1 in Axes
  1215 | D:2      | Reached skill level 1 in Maces & Flails
  1215 | D:2      | Reached skill level 1 in Polearms
  1215 | D:2      | Reached skill level 1 in Staves
  1215 | D:2      | Reached skill level 1 in Ranged Weapons
  1215 | D:2      | Reached skill level 1 in Throwing
  1215 | D:2      | Reached skill level 1 in Armour
  1215 | D:2      | Reached skill level 1 in Stealth
  1215 | D:2      | Reached skill level 1 in Shields
  1215 | D:2      | Reached skill level 1 in Spellcasting
  1215 | D:2      | Reached skill level 1 in Evocations
  1215 | D:2      | Reached XP level 4. HP: 34/34 MP: 5/5
  1219 | D:2      | Reached skill level 1 in Conjurations
  1219 | D:2      | Reached skill level 1 in Hexes
  1219 | D:2      | Reached skill level 1 in Summonings
  1219 | D:2      | Reached skill level 1 in Necromancy
  1219 | D:2      | Reached skill level 1 in Translocations
  1219 | D:2      | Reached skill level 1 in Transmutations
  1219 | D:2      | Reached skill level 1 in Fire Magic
  1219 | D:2      | Reached skill level 1 in Ice Magic
  1219 | D:2      | Reached skill level 1 in Air Magic
  1219 | D:2      | Reached skill level 1 in Earth Magic
  1219 | D:2      | Reached skill level 1 in Poison Magic
  1698 | D:2      | Identified the ring "Berr" {Contam rElec EV+5 Dex+2}
  1761 | D:3      | Reached XP level 5. HP: 32/40 MP: 6/6
  2133 | D:3      | Found a faded altar of an unknown god.
  2139 | D:3      | Prayed at the altar of an unknown god.
  2139 | D:3      | Became a worshipper of Sif Muna the Loreminder
  2139 | D:3      | Reached * piety under Sif Muna
  2237 | D:4      | Found a staircase to the Ecumenical Temple.
  2245 | Temple   | Entered the Ecumenical Temple
  2311 | Temple   | Fell from the grace of Sif Muna
  2311 | Temple   | Became a worshipper of Cheibriados the Contemplative
  2483 | D:4      | Noticed an ogre
  2493 | D:4      | Killed an ogre
  2494 | D:4      | Reached XP level 6. HP: 38/47 MP: 8/8
  2543 | D:4      | Reached skill level 5 in Dodging
  2686 | D:4      | Found a glowing silver altar of Zin.
  2687 | D:4      | Found a sparkling altar of Nemelex Xobeh.
  2687 | D:4      | Found an ancient bone altar of Kikubaaqudgha.
  2687 | D:4      | Found a basalt altar of Yredelemnul.
  2688 | D:4      | Found a white marble altar of Elyvilon.
  2689 | D:4      | Found an opulent altar of Gozag.
  2979 | D:5      | Entered Level 5 of the Dungeon
  2984 | D:5      | Reached XP level 7. HP: 48/52 MP: 10/10
  3045 | D:5      | Found Bery's Mass Market.
  3063 | D:5      | Reached * piety under Cheibriados
  3619 | D:5      | Found a runed translucent gate.
  3619 | D:5      | Found a runed translucent gate.
  3619 | D:5      | Found a runed translucent gate.
  3626 | D:5      | Noticed Dega's ghost (novice SpHu)
  3668 | D:5      | Killed Dega's ghost
  3669 | D:5      | Reached XP level 8. HP: 32/60 MP: 12/12
  3870 | D:6      | Killed from afar by a steam dragon

Illustrated notes

Levels and vault maps discovered:
D:1:      lightli_arrival_farm, layout_loops_ring, minmay_liquid_box
D:2:      cheibrodos_pilgrimage, layout_basic, hangedman_decor_clover_reticule,
          minmay_diced_spiral
D:3:      layout_rooms, hellmonk_ecumenical_altar_heavens_door,
          chequers_serial_rivers_small_b
D:4:      layout_rooms, grunt_temple_overflow_open, minmay_temple_entry_arrows
D:5:      layout_cave_pools, ebering_ghost_rock_garden, minmay_shop_mass
D:6:      layout_rooms
Temple:   bh_familiar_temple

Skill      XL: |  1  2  3  4  5  6  7 |
---------------+----------------------+-----
Invocations    | 1 2 3 |  3.7
Short Blades   | 1 2 3 |  3.4
Long Blades    | 1 2 3 |  3.4
Axes           | 1 2 3 |  3.4
Maces & Flails | 1 2 3 |  3.4
Polearms       | 1 2 3 |  3.4
Staves         | 1 2 3 |  3.4
Ranged Weapons | 1 2 3 |  3.4
Throwing       | 1 2 3 |  3.4
Armour         | 1 2 3 |  3.4
Stealth        | 1 2 3 |  3.4
Shields        | 1 2 3 |  3.4
Spellcasting   | 1 2 3 |  3.4
Evocations     | 1 2 3 |  3.4
Conjurations   | 1 2 |  2.7
Hexes          | 1 2 |  2.7
Summonings     | 1 2 |  2.7
Necromancy     | 1 2 |  2.7
Translocations | 1 2 |  2.7
Transmutations | 1 2 |  2.7
Fire Magic     | 1 2 |  2.7
Ice Magic      | 1 2 |  2.7
Air Magic      | 1 2 |  2.7
Earth Magic    | 1 2 |  2.7
Poison Magic   | 1 2 |  2.7
Fighting       | 3 4 |  4.3
Dodging        | 5 |  5.7
Unarmed Combat | 7 |  7.4
Shapeshifting  | 7 |  7.1

Action                     |  1- 3 |  4- 6 |  7- 9 || total
---------------------------+-------+-------+-------++-------
  Melee: Unarmed           |    45 |   108 |   124 ||   277
         Bite              |     2 |     6 |    13 ||    21
         Punch             |       |     1 |       ||     1
    Use: Potion            |     1 |     1 |     2 ||     4
   Stab: Sleeping          |     1 |     1 |       ||     2
 Armour: Animal skin       |     2 |       |       ||     2
         Leather armour    |     2 |     3 |       ||     5
         Skin              |     3 |     2 |       ||     5
         Chain mail        |       |    22 |    35 ||    57
  Dodge: Dodged            |    23 |    74 |    74 ||   171
  Block: Buckler           |       |     6 |    27 ||    33

Table legend: (Time is in decaauts)
 A = Elapsed time spent in this place.
 B = Non-inter-level travel time spent in this place.
 C = Inter-level travel time spent in this place.
 D = Time resting spent in this place.
 E = Time spent auto-exploring this place.
 F = Levels seen in this place.
 G = Mean time per level.
                   A        B        C        D        E       F      G
               +--------+--------+--------+--------+--------+-----+--------+
         Total |   4200 |   4007 |    193 |    222 |   2773 |   7 |  600.0 |
       Dungeon |   4028 |   3939 |     89 |    222 |   2773 |   6 |  671.3 |
        Temple |    172 |     68 |    104 |      0 |      0 |   1 |  172.0 |
               +--------+--------+--------+--------+--------+-----+--------+

Top non-repeatable levels by time:
     D:5: 1029 daAuts
     D:1: 877 daAuts
     D:2: 846 daAuts
     D:4: 726 daAuts
     D:3: 519 daAuts
  Temple: 172 daAuts
     D:6: 28 daAuts
